 Dungeon Crawl Stone Soup version 0.21.1-1-g345015f (webtiles) character file.

4496 Mirai the Thaumaturge (level 10, -1/50 HPs)
             Began as a Deep Elf Conjurer on Mar 25, 2018.
             Was a Follower of Vehumet.
             Slain by a yak (6 damage)
             ... on level 9 of the Dungeon.
             The game lasted 00:28:09 (7755 turns).

Mirai the Thaumaturge (Deep Elf Conjurer)           Turns: 7755, Time: 00:28:10

Health: -1/50      AC:  7    Str:  8 (10) XL:     10   Next: 16%
Magic:  19/29      EV: 12    Int: 24      God:    Vehumet [*.....]
Gold:   385        SH:  0    Dex: 12 (15) Spells: 18/35 levels left

rFire    . . .     SeeInvis .   t - +3 quarterstaff (chaos)
rCold    . . .     Gourm    .   (shield currently unavailable)
rNeg     + . .     Faith    .   C - +2 robe {rN+}
rPois    .         Spirit   .   (no helmet)
rElec    .         Reflect  .   u - +1 cloak
rCorr    .         Harm     .   (no gloves)
MR       +....                  I - +0 pair of boots
Stlth    ++........             m - amulet of magic regeneration
HPRegen  0.16/turn              e - +5 ring of strength
MPRegen  0.46/turn              L - ring of wizardry

@: no status effects
A: no striking features
a: Renounce Religion


You were on level 9 of the Dungeon.
You worshipped Vehumet.
Vehumet was aware of your devotion.
You were hungry.

You visited 2 branches of the dungeon, and saw 10 of its levels.

You collected 385 gold pieces.

Inventory:

Hand Weapons
 t - a +3 quarterstaff of chaos (weapon)
Armour
 u - a +1 cloak (worn)
 A - the +0 ring mail of Citec {MR+ Dex+2}
   (You found it on level 4 of the Dungeon)

   It affects your dexterity (+2).
   It affects your resistance to hostile enchantments.
 B - a +0 buckler
 C - a +2 robe of positive energy (worn)
 I - a +0 pair of boots (worn)
Jewellery
 e - a +5 ring of strength (left hand)
 m - an amulet of magic regeneration (around neck)
 L - a ring of wizardry (right hand)
Wands
 k - a wand of digging (23)
 s - a wand of flame (31)
 D - a wand of random effects (26)
 H - a wand of disintegration (11)
Scrolls
 f - a scroll of magic mapping
 g - a scroll of immolation
 h - 2 scrolls of amnesia
 i - a scroll of teleportation
 j - 5 scrolls of identify
 o - 2 scrolls of enchant armour
 r - 4 scrolls of remove curse
Potions
 d - a potion of curing
 l - 3 potions of agility {unknown}
 n - a potion of might {unknown}
 z - 3 potions of ambrosia {unknown}
Books
 a - a book of Clouds

   Spells                             Type                      Level
   a - Poisonous Vapours              Poison/Air                   2
   b - Mephitic Cloud                 Conjuration/Poison/Air       3
   c - Conjure Flame                  Conjuration/Fire             3
   d - Freezing Cloud                 Conjuration/Ice/Air          6
   e - Ring of Flames                 Charms/Fire                  7
 b - a book of Conjurations

   Spells                             Type                      Level
   a - Magic Dart                     Conjuration                  1
   b - Searing Ray                    Conjuration                  2
   c - Dazzling Spray                 Conjuration/Hexes            3
   d - Fulminant Prism                Conjuration/Hexes            4
   e - Force Lance                    Conjuration/Translocation    4
   f - Iskenderun's Mystic Blast      Conjuration                  4
 p - a book of Callings

   Spells                             Type                      Level
   a - Summon Small Mammal            Summoning                    1
   b - Call Imp                       Summoning                    2
   c - Call Canine Familiar           Summoning                    3
   d - Summon Guardian Golem          Hexes/Summoning              3
   e - Summon Lightning Spire         Summoning/Air                4
   f - Summon Ice Beast               Ice/Summoning                4
 q - a book of Debilitation

   Spells                             Type                      Level
   a - Corona                         Hexes                        1
   b - Slow                           Hexes                        2
   c - Inner Flame                    Hexes/Fire                   3
   d - Portal Projectile              Hexes/Translocation          3
   e - Cause Fear                     Hexes                        4
   f - Leda's Liquefaction            Hexes/Earth                  4
 v - a book of Misfortune

   Spells                             Type                      Level
   a - Confusing Touch                Hexes                        1
   b - Confuse                        Hexes                        3
   c - Gell's Gravitas                Translocation                3
   d - Petrify                        Transmutation/Earth          4
   e - Metabolic Englaciation         Hexes/Ice                    5
   f - Yara's Violent Unravelling     Hexes/Transmutation          5
 y - Suwum's Compendium of the Ashen Voyage
   (You found it on level 4 of the Dungeon)

   Spells                             Type                      Level
   a - Sandblast                      Earth                        1
   b - Apportation                    Translocation                1
   c - Shroud of Golubria             Charms/Translocation         2
   d - Portal Projectile              Hexes/Translocation          3
   e - Recall                         Summoning/Translocation      3
   f - Teleport Other                 Translocation                3
   g - Borgnjor's Vile Clutch         Necromancy/Earth             5
 N - a book of Geomancy

   Spells                             Type                      Level
   a - Sandblast                      Earth                        1
   b - Passwall                       Transmutation/Earth          2
   c - Stone Arrow                    Conjuration/Earth            3
   d - Petrify                        Transmutation/Earth          4
   e - Lee's Rapid Deconstruction     Earth                        5
Comestibles
 c - 11 rations


   Skills:
 - Level 2.4 Dodging
 - Level 2.4 Stealth
 + Level 13.0 Spellcasting
 + Level 10.0 Conjurations
 - Level 8.6 Hexes
 * Level 2.6 Fire Magic


You had 18 spell levels left.
You knew the following spells:

 Your Spells              Type           Power        Failure   Level  Hunger
a - Magic Dart            Conj           ####         1%          1    None
b - Searing Ray           Conj           ######       1%          2    None
c - Iskenderun's Mystic   Conj           ######..     1%          4    None
d - Fulminant Prism       Conj/Hex       ######....   1%          4    None
e - Flame Tongue          Conj/Fire      #####        1%          1    None
f - Mephitic Cloud        Conj/Pois/Air  ####....     1%          3    None
g - Shroud of Golubria    Chrm/Tloc      ###.......   2%          2    None


Dungeon Overview and Level Annotations

Branches:
Dungeon (9/15)             Temple (1/1) D:7
   Lair: D:8-11         Orc: D:9-12

Altars:
Ashenzari
Cheibriados
Dithmenos
Elyvilon
Fedhas
Gozag
Hepliaklqana
Kikubaaqudgha
Makhleb
Nemelex Xobeh
Okawaru
Qazlal
Ru
Sif Muna
Trog
Uskayaw
Vehumet
Wu Jian
Xom
Yredelemnul
Zin
The Shining One

Shops:
D:4 }!   D:5 (


Message History

Aiming: Iskenderun's Mystic Blast
Press: ? - help, Shift-Dir - straight line, f/p - yak
Aim: a yak (moderately wounded)
The orb of energy hits the yak.
The yak is severely wounded.
The orb of energy explodes!
The mystic blast hits the two-headed ogre.
The two-headed ogre is moderately wounded.
The mystic blast hits the yak.
The yak is almost dead.
You hear an angry hiss.
The yak gores you!
* * * LOW HITPOINT WARNING * * *
The yak gores you!
* * * LOW HITPOINT WARNING * * *
An adder comes into view.
Okay, then.
Okay, then.
The yak gores you but does no damage. The yak gores you.
You die...

.. ...
..#############
.<............#
#...........####
####.......OSY....#
........S.Y.OY@...#
.........######Y..#
..................#
.....##########...#
.... ...# ... ...#
.) ...# . #.##


You could see a two-headed ogre, 4 yaks, an ogre and 2 adders.

Vanquished Creatures
  The ghost of ZomBoFoB the Nimble, a novice SpBe of Trog (D:8)
  The ghost of Verr the Ruffian, an amateur DrTm of Ru (D:4)
  2 hippogriffs (D:8)
  2 yaks
  The ghost of Kairos the Charmwright, an amateur HuSk (D:3)
  Edmund (D:5)
  Duvessa (D:5)
  A water moccasin (D:8)
  2 orc warriors
  2 ice beasts
  A sky beast (D:6)
  3 ogres
  A black bear (D:7)
  A centaur (D:7)
  Blork the orc (D:6)
  A big kobold (D:7)
  5 bullfrogs
  Dowan (D:5)
  2 scorpions (D:6)
  2 howler monkeys
  3 crimson imps
  2 bullfrog zombies
  3 hounds
  A jelly (D:6)
  Crazy Yiuf (D:2)
  5 orc priests
  4 iguanas
  3 bullfrog skeletons
  4 orc wizards
  Natasha (thrice) (D:2)
  2 worker ants
  2 worker ant zombies
  10 adders
  4 gnolls (D:7)
  A shadow imp (D:8)
  An adder zombie (D:6)
  4 worms
  2 adder skeletons
  2 dart slugs
  3 leopard geckos
  20 orcs
  7 giant cockroaches
  9 goblins
  4 hobgoblins
  10 jackals
  8 quokkas
  7 bats
  4 frilled lizards
  A jackal skeleton (D:4)
  13 kobolds
  A leopard gecko skeleton (D:6)
  8 rats
184 creatures vanquished.

Vanquished Creatures (others)
  4 fulminant prisms
4 creatures vanquished.

Grand Total: 188 creatures vanquished

Notes
Turn   | Place    | Note
-------+----------+-------------------------------------------
     0 | D:1      | Mirai the Deep Elf Conjurer began the quest for the Orb.
     0 | D:1      | Reached XP level 1. HP: 10/10 MP: 6/6
   271 | D:1      | Reached skill level 4 in Spellcasting
   271 | D:1      | Reached XP level 2. HP: 15/15 MP: 7/9
   448 | D:1      | Learned a level 2 spell: Searing Ray
   613 | D:2      | Noticed Natasha
   871 | D:2      | Noticed a crimson imp
   881 | D:2      | Killed Natasha
   881 | D:2      | Reached skill level 5 in Spellcasting
   881 | D:2      | Reached XP level 3. HP: 13/19 MP: 1/12
  1164 | D:2      | Reached skill level 6 in Spellcasting
  1164 | D:2      | Reached XP level 4. HP: 18/24 MP: 0/14
  1439 | D:2      | Learned a level 4 spell: Iskenderun's Mystic Blast
  1444 | D:2      | Learned a level 4 spell: Fulminant Prism
  1623 | D:2      | Noticed Natasha
  1628 | D:2      | Killed Natasha
  1628 | D:2      | Reached skill level 7 in Spellcasting
  1628 | D:2      | Reached XP level 5. HP: 28/28 MP: 4/16
  1699 | D:2      | Noticed Natasha
  1707 | D:2      | Killed Natasha
  1746 | D:2      | Found a runed door.
  1750 | D:2      | Noticed Crazy Yiuf
  1752 | D:2      | Killed Crazy Yiuf
  1752 | D:2      | Reached skill level 8 in Spellcasting
  1977 | D:3      | Found a hazy altar of Hepliaklqana.
  1980 | D:3      | Found a glowing silver altar of Zin.
  1983 | D:3      | Found a burning altar of Makhleb.
  2112 | D:3      | Noticed Kairos's ghost (amateur HuSk)
  2121 | D:3      | Killed Kairos's ghost
  2121 | D:3      | Reached XP level 6. HP: 32/32 MP: 1/19
  2360 | D:3      | Noticed an ice beast
  2374 | D:3      | Killed an ice beast
  2374 | D:3      | Reached skill level 5 in Conjurations
  2896 | D:4      | Identified Suwum's Compendium of the Ashen Voyage
  2979 | D:4      | Reached XP level 7. HP: 29/36 MP: 1/21
  3049 | D:4      | Reached skill level 9 in Spellcasting
  3152 | D:4      | Noticed Verr's ghost (amateur DrTm)
  3160 | D:4      | Got a jewelled ring mail
  3165 | D:4      | Killed Verr's ghost
  3200 | D:4      | Found Zipiu's Distillery.
  3237 | D:4      | Found Jomuipho's Gadget Boutique.
  3384 | D:5      | Entered Level 5 of the Dungeon
  3557 | D:5      | Found an ornate altar of the Wu Jian Council.
  3594 | D:5      | Found Piposh's Antique Weapon Boutique.
  3627 | D:5      | Noticed Dowan
  3637 | D:5      | Noticed Duvessa
  3641 | D:5      | Killed Duvessa
  3641 | D:5      | Reached skill level 5 in Hexes
  3644 | D:5      | Killed Dowan
  3644 | D:5      | Reached XP level 8. HP: 28/41 MP: 0/23
  3924 | D:6      | Reached skill level 10 in Spellcasting
  3957 | D:6      | Identified the +0 ring mail of Citec {MR+ Dex+2} (You found it on level 4 of the Dungeon)
  3978 | D:6      | Noticed Edmund
  4007 | D:5      | Killed Edmund
  4723 | D:6      | Noticed Blork the orc
  4728 | D:6      | Killed Blork the orc
  4820 | D:6      | Reached skill level 11 in Spellcasting
  5096 | D:7      | Reached XP level 9. HP: 45/45 MP: 13/26
  5521 | D:7      | Found a staircase to the Ecumenical Temple.
  5558 | Temple   | Entered the Ecumenical Temple
  5697 | Temple   | Became a worshipper of Vehumet
  6245 | D:8      | Reached skill level 12 in Spellcasting
  6415 | D:8      | Noticed ZomBoFoB's ghost (novice SpBe)
  6420 | D:8      | Killed ZomBoFoB's ghost
  6631 | D:8      | HP: 1/45 [ogre/giant spiked club (19)]
  6637 | D:8      | Reached * piety under Vehumet
  6637 | D:8      | Offered knowledge of Flame Tongue by Vehumet.
  6637 | D:8      | Reached XP level 10. HP: 2/50 MP: 4/28
  6640 | D:8      | Learned a level 1 spell: Flame Tongue
  7113 | D:8      | Reached skill level 1 in Fire Magic
  7489 | D:9      | Reached skill level 10 in Conjurations
  7496 | D:9      | Noticed a two-headed ogre
  7501 | D:8      | Reached skill level 13 in Spellcasting
  7740 | D:8      | Learned a level 3 spell: Mephitic Cloud
  7743 | D:8      | Learned a level 2 spell: Shroud of Golubria
  7755 | D:9      | Slain by a yak

Skill      XL: |  1  2  3  4  5  6  7  8  9 10 |
---------------+-------------------------------+-----
Spellcasting   | 4 5 6 7 8 9 11 12 13 | 13.0
Hexes          | 2 3 5 7 8 |  8.6
Conjurations   | 5 6 7 9 10 | 10.0
Fire Magic     | 2 |  2.6
Dodging        | |  2.4
Stealth        | |  2.4

Action                   |  1- 3 |  4- 6 |  7- 9 | 10-12 || total
-------------------------+-------+-------+-------+-------++-------
Melee: Unarmed           |     3 |       |       |       ||     3
       Quarterstaff      |       |    17 |    23 |     1 ||    41
       Dagger            |       |     1 |       |       ||     1
 Cast: Magic Dart        |    49 |    47 |    56 |     7 ||   159
       Searing Ray       |     6 |     9 |    23 |     2 ||    40
       Iskenderun's Myst |       |    15 |    97 |    19 ||   131
       Fulminant Prism   |       |     1 |     3 |       ||     4
       Shroud of Golubri |       |       |       |     2 ||     2
Evoke: Wand              |       |       |     2 |     1 ||     3
  Use: Scroll            |       |     2 |    12 |       ||    14
       Potion            |       |       |     2 |     7 ||     9
 Stab: Sleeping          |       |     1 |       |       ||     1
  Eat: Chunk             |     1 |     6 |    12 |     3 ||    22
Armor: Robe              |    11 |    10 |    31 |     3 ||    55
       Skin              |       |       |       |     1 ||     1
Dodge: Dodged            |    16 |    26 |    87 |     9 ||   138
